 Dungeon Crawl Stone Soup version 0.19-a0-442-g8935a21 (webtiles) character file.

136 Ordine the Changer (level 5, 0/33 HPs)
             Began as an Octopode Transmuter on June 1, 2016.
             Slain by an orc wizard
             ... wielding a +0 dagger
              (3 damage)
             ... on level 3 of the Dungeon.
             The game lasted 00:07:35 (2700 turns).

Ordine the Changer (Octopode Transmuter)            Turns: 2700, Time: 00:07:36

Health: 0/33       AC:  2    Str: 10    XL:     5   Next: 19%
Magic:  3/8        EV: 19    Int: 16    God:
Gold:   74         SH:  0    Dex: 17    Spells: 1 memorised, 5 levels left

rFire  . . .     SeeInvis .       - Unarmed
rCold  . . .     Gourm    .     (shield currently unavailable)
rNeg   . . .     Faith    .     (helmet currently unavailable)
rPois  x         Spirit   .     (no amulet)
rElec  .         Dismiss  .     (no ring)
rCorr  .         Reflect  .     (no ring)
SustAt .         Harm     .     (no ring)
MR     .....                    (no ring)
Stlth  ++........               (no ring)
                                (no ring)
                                (no ring)
                                (no ring)

@: spider-form (expiring), slowed, very slow, not resistant to hostile
enchantments, unstealthy
A: almost no armour, (amphibious), 8 rings, (constrict 8), (camouflage 0),
(gelatinous body 0)
a: End Transformation


You were on level 3 of the Dungeon.
You were not hungry.
You were a venomous arachnid creature.
You visited 1 branch of the dungeon, and saw 3 of its levels.

You collected 74 gold pieces.

Inventory:

Jewellery
 k - an uncursed ring of resist corrosion {unknown}
Scrolls
 e - 2 scrolls of magic mapping
Potions
 d - 2 potions of haste
 f - 3 potions of curing
 g - a potion of brilliance {unknown}
 h - 3 potions of degeneration {unknown}
 i - a potion of agility {unknown}
 j - a potion of heal wounds {unknown}
Books
 b - a book of Changes

   Spells                             Type                      Level
   a - Beastly Appendage              Transmutation                1
   b - Sticks to Snakes               Transmutation                2
   c - Spider Form                    Transmutation/Poison         3
   d - Ice Form                       Ice/Transmutation            4
   e - Blade Hands                    Transmutation                5
Comestibles
 a - a chunk of flesh
 c - a bread ration


   Skills:
 - Level 1.0 Fighting
 - Level 2.0 Dodging
 - Level 3.4 Unarmed Combat
 - Level 2.0 Spellcasting
 * Level 4.9 Transmutations


You had 5 spell levels left.
You knew the following spells:

 Your Spells              Type           Power        Failure   Level  Hunger
a - Spider Form           Tmut/Pois      #.........   50%         3    ###....


Dungeon Overview and Level Annotations

Branches:
Dungeon (3/15)

Altars:
Sif Muna
Yredelemnul


Innate Abilities, Weirdness & Mutations

You cannot wear most types of armour.
((You are amphibious.))
You can wear up to eight rings at the same time.
((You can use your tentacles to constrict eight enemies at once.))
((Your skin changes colour to match your surroundings (Stealth+).))
((Your rubbery body absorbs attacks. (AC +1)))


Message History

The orc wizard gestures wildly while chanting.
The orc wizard blinks!
Your transformation is almost over.
The orc wizard closely misses you.
You hit the orc wizard.
The orc wizard is heavily wounded.
The orc wizard misses you. x2
The orc wizard gestures at you while chanting.
The magic dart hits you!
You hit the orc wizard.
The orc wizard is poisoned.
The orc wizard is severely wounded.
The orc wizard hits you with a dagger.
* * * LOW HITPOINT WARNING * * *
The orc wizard barely misses you.
You hit the orc wizard but do no damage.
The orc wizard is severely wounded.
The orc wizard hits you with a dagger.
* * * LOW HITPOINT WARNING * * *
The orc wizard hits you with a dagger.
You die...

# #+############ #.
#..##........# #.
#..##..).....#
#..##..o.........#
#....s#...<.....#
#..#.##...).....# #
#.#..........#
#.#.#........# #
#)#.#........#
#####.#)#..........#
#.......(...########
#...?...#.#.#
........#.#.#


You could see an orc wizard.

Vanquished Creatures
  Crazy Yiuf (D:2)
  An orc wizard (D:3)
  An adder (D:2)
  2 worms (D:2)
  4 dart slugs
  3 giant geckos
  2 orcs
  4 giant cockroaches
  2 goblins
  9 hobgoblins
  8 kobolds
  A ball python (D:2)
  3 bats
  7 giant newts
  5 rats
  A fungus (D:2)
54 creatures vanquished.

Notes
Turn   | Place    | Note
--------------------------------------------------------------
     0 | D:1      | Ordine the Octopode Transmuter began the quest for the Orb.
     0 | D:1      | Reached XP level 1. HP: 13/13 MP: 3/3
   487 | D:1      | Reached XP level 2. HP: 18/18 MP: 5/5
   717 | D:1      | Reached skill level 3 in Transmutations
  1291 | D:1      | Reached XP level 3. HP: 20/23 MP: 6/6
  1296 | D:1      | Learned a level 3 spell: Spider Form
  2094 | D:2      | Reached XP level 4. HP: 25/28 MP: 7/7
  2160 | D:2      | Found a basalt altar of Yredelemnul.
  2318 | D:2      | Found a deep blue altar of Sif Muna.
  2386 | D:2      | Noticed Crazy Yiuf
  2392 | D:2      | Killed Crazy Yiuf
  2392 | D:2      | Reached skill level 4 in Transmutations
  2688 | D:3      | Reached XP level 5. HP: 12/33 MP: 5/8
  2700 | D:3      | Slain by an orc wizard

Vault maps used:
D:1:      co_arrival_random_square_maze, minmay_misc_feat_secret_circle,
          st_stairs_3
D:2:      lemuel_blue_sif_altar, marbit_many_paths, minmay_misc_feat_five,
          minmay_misc_feat_tiny, uniq_crazy_yiuf_cottage
D:3:      old_standard_altar, first_bread

Skill      XL: |  1  2  3  4 |
---------------+-------------+-----
Transmutations | 3 4 |  4.9
Fighting       | |  1.0
Dodging        | |  2.0
Unarmed Combat | |  3.4
Spellcasting   | |  2.0

Action                   |  1- 3 |  4- 6 || total
-------------------------+-------+-------++-------
Melee: Unarmed           |    83 |    49 ||   132
       Constrict         |    26 |     5 ||    31
       Tentacles         |    15 |     4 ||    19
       Punch             |     2 |     1 ||     3
 Cast: Spider Form       |       |     3 ||     3
  Use: Scroll            |     9 |     2 ||    11
       Potion            |     1 |     1 ||     2
 Stab: Sleeping          |     7 |     3 ||    10
  Eat: Chunk             |     4 |     2 ||     6
Armor: Skin              |     7 |       ||     7
Dodge: Dodged            |    34 |    25 ||    59
